 Dungeon Sprint DCSS version 0.26-a0-1026-g544776af23 (webtiles) character file.

Game seed: 2526590351514691547

5898 sahdkjhfkaj the Martial Artist (level 10, -2/114 HPs)
             Began as an Octopode Transmuter on Dec 9, 2020.
             Was an Initiate of Gozag.
             Slain by a yaktaur
             ... wielding an uncursed staff of death
              (9 damage)
             ... in the Dungeon (Sprint V: "Ziggurat Sprint").
             The game lasted 00:03:40 (1367 turns).

sahdkjhfkaj the Martial Artist (OpTm)               Turns: 1367, Time: 00:03:41

Health: -2/114     AC:  1    Str: 24    XL:     10   Next: 82%
Magic:  12/18      EV: 23    Int: 28    God:    Gozag
Gold:   787        SH:  5    Dex: 25    Spells: 8/19 levels left

rFire    . . .     SeeInvis .     - Unarmed
rCold    . . .     Faith    .   (shield currently unavailable)
rNeg     . . .     Spirit   .   (helmet restricted)
rPois    .         Reflect  +   j - amulet of reflection
rElec    .         Harm     .   r - ring of flight
rCorr    .         Rampage  .   s - +6 ring of dexterity
Will     .....     NoTele   +   t - +6 ring of dexterity
Stlth    ..........             u - +6 ring of intelligence
HPRegen  0.29/turn              v - +6 ring of intelligence
MPRegen  0.16/turn              w - +6 ring of strength
                                x - +6 ring of strength
                                (no ring)

@: berserking, blade tentacles, gold aura, very quick
A: almost no armour, stealthy swim, amphibious, 8 rings, constrict 8, camouflage
1, gelatinous body 1
a: End Transformation, Potion Petition, Call Merchant, Bribe Branch, Renounce
Religion, Evoke Flight


You were in the Dungeon.
You worshipped Gozag.
Gozag was pleased with you.
You had blades for tentacles.
You visited 1 branch You collected 2241 gold pieces.
You paid 1454 gold pieces to Gozag.

Inventory:

Jewellery
 j - an amulet of reflection (around mantle)
 r - a ring of flight (left scythe-like blade)
 s - a +6 ring of dexterity (right scythe-like blade)
 t - a +6 ring of dexterity (on tentacle)
 u - a +6 ring of intelligence (on tentacle)
 v - a +6 ring of intelligence (on tentacle)
 w - a +6 ring of strength (on tentacle)
 x - a +6 ring of strength (on tentacle)
 D - an uncursed ring of positive energy
Wands
 y - a wand of disintegration (7)
 z - a wand of iceblast (7)
 A - a wand of acid (7)
Scrolls
 g - 3 scrolls of blinking
 l - 4 scrolls of amnesia
 m - 7 scrolls of fog
 n - a scroll of holy word
 o - 5 scrolls of identify
 p - 5 scrolls of remove curse
 q - 2 scrolls of fear
Potions
 a - 2 potions of brilliance
 b - 10 potions of curing
 c - 8 potions of heal wounds
 d - 5 potions of haste
 e - 7 potions of magic
 f - 2 potions of berserk rage
 h - a potion of invisibility
 i - 3 potions of resistance
 k - 4 potions of might
Miscellaneous
 B - a lightning rod (4/4)
 C - a tin of tremorstones (2/2)


   Skills:
 - Level 10.0 Fighting
 - Level 10.0 Dodging
 + Level 14.7 Unarmed Combat
 + Level 5.4 Spellcasting
 + Level 5.3 Summonings
 + Level 5.3 Translocations
 - Level 12.2 Transmutations


You had 8 spell levels left.
You knew the following spells:

 Your Spells              Type           Power        Failure   Level
a - Beastly Appendage     Tmut           ######       5%          1
A - Blade Hands           Tmut           ######....   17%         5
F - Summon Forest         Summ/Tloc      #####.....   63%         5

Your spell library contained the following spells:

 Spells                   Type           Power        Failure   Level
 Wereblood                Tmut           ######..     6%          2
 Spider Form              Tmut/Pois      #####.....   19%         3
 Ice Form                 Ice/Tmut       #####...     34%         4
 Corona                   Hex            #......      36%         1
 Portal Projectile        Hex/Tloc       ###...       36%         3
 Slow                     Hex            #.......     45%         2
 Inner Flame              Hex/Fire       #.......     61%         3
 Summon Demon             Summ           #####.....   63%         5
 Summon Mana Viper        Hex/Summ       ###.....     88%         5
 Cause Fear               Hex            #.........   89%         4
 Leda's Liquefaction      Hex/Erth       #.........   89%         4
 Shadow Creatures         Summ           N/A          96%         6
 Bolt of Magma            Conj/Fire/Erth #.........   99%         5
 Iskenderun's Battlesphe  Conj           #.......     99%         5
 Iron Shot                Conj/Erth      #.........   100%        6
 Orb of Destruction       Conj           #.........   100%        7
 Spellforged Servitor     Conj/Summ      ###.......   100%        7
 Summon Hydra             Summ           #####.....   100%        7


Dungeon Overview and Level Annotations

Branches:
Dungeon (1/1)

Altars:
Ashenzari
Cheibriados
Dithmenos
Elyvilon
Fedhas
Gozag
Hepliaklqana
Kikubaaqudgha
Makhleb
Nemelex Xobeh
Okawaru
Qazlal
Ru
Sif Muna
Trog
Uskayaw
Vehumet
Wu Jian
Xom
Yredelemnul
Zin
The Shining One
Beogh
Jiyva
Lugonu

Shops:
D [

Annotations:
D 1 transporter


Innate Abilities, Weirdness & Mutations

You cannot wear most types of armour.
You are very stealthy in the water. (Stealth+)
You are amphibious.
You can wear up to eight rings at the same time.
You can use your tentacles to constrict eight enemies at once.
Your skin changes colour to match your surroundings (Stealth+).
Your rubbery body absorbs attacks. (AC +1, EV +1)


Message History

The vault guard is moderately wounded.
You constrict the vault guard. You block the yaktaur's attack.
The vault guard becomes distracted by the nearby gold, dreaming of imaginary riches.
Unknown command.
Unknown command.
Press: ? - help, v - describe, . - travel
Here: a yaktaur, wielding a staff of death and quivering 16 bolts The floor.
Unknown command.
You slice the vault guard!!
The vault guard is severely wounded.
You constrict the vault guard, but do no damage.
The vault guard barely misses you.
You shred the vault guard!!!
You kill the vault guard!
The yaktaur hits you with an uncursed staff of death!!
* * * LOW HITPOINT WARNING * * *
You writhe in agony!
You die...
Your body crumbles into a pile of gold.

▓..[)....▓..).....▓
▓..).....▓..|)....▓
▓.▓....▓.▓..).)...▓
▓...©....▓...©....▓
▓▓▓▓▓▓▓▓▓▓▓▓▓▓▓▓▓▓▓
▓...8©8...▓..8©8..▓
▓..)||)...▓..}[)..▓
▓...$c$...▓..)|[..▓
▓...$@p...▓...∩...▓
▓.........▓.......▓
▓.........▓.......▓
▓.........▓.......▓
▓.▓...e.▓.▓.▓...▓.▓
▓....©....▓...©...▓
▓▓▓▓▓▓▓▓▓▓▓▓▓▓▓▓▓▓▓
▓..8©8..▓ ▓...})..▓


You could see a vault guard, a deep elf archer (repels missiles) and a yaktaur.

Vanquished Creatures
  A yaktaur captain (D)
  A vault guard (D)
  A deep elf knight (D)
  2 deep elf magi (D)
  5 draconians (D)
  A vault sentinel (D)
  A komodo dragon (D)
  A yaktaur (D)
  A wind drake (D)
  Sigmund (D)
  2 air elementals (D)
  A yak (D)
  Edmund (D)
  2 water moccasins (D)
  A wolf (D)
  A bullfrog (D)
  An earth elemental (D)
  Blork the orc (D)
  A wight (D)
  A jelly (D)
  Jessica (D)
  2 oozes (D)
  A leopard gecko skeleton (D)
31 creatures vanquished.

Vanquished Creatures (others)
  3 insubstantial wisps (D)
3 creatures vanquished.

Grand Total: 34 creatures vanquished

Notes
Turn   | Place    | Note
-------+----------+-------------------------------------------
     0 | D        | sahdkjhfkaj the Octopode Transmuter began the quest for the
                  | Orb.
     0 | D        | Reached XP level 1. HP: 13/13 MP: 3/3
     0 | D        | Found a shimmering blue altar of Sif Muna.
     0 | D        | Found a sacrificial altar of Ru.
     0 | D        | Found a bloodstained altar of Trog.
     0 | D        | Found a stormy altar of Qazlal.
     0 | D        | Found an iron altar of Okawaru.
     0 | D        | Found a sparkling altar of Nemelex Xobeh.
     0 | D        | Found a blossoming altar of Fedhas.
     1 | D        | Found the +6 Majin-Bo {vamp, MP+6 Int+6}
     1 | D        | Found the +9 heavy crossbow "Sniper" {vorpal, Acc+∞ SInv}
     1 | D        | Found the +10 dark maul {vorpal}
     1 | D        | Found the +15 Maxwell's patent armour {-Cast -Tele rElec
                  | Will+ rCorr}
     1 | D        | Found the +18 shield of the Gong {rElec rN+ Will+ EV-5}
     1 | D        | Found the cursed +14 obsidian axe {vorpal, +Fly SInv
                  | *Curse}
     1 | D        | Found the +7 great mace "Firestarter" {inner flame, rF++}
     1 | D        | Found the +6 shillelagh "Devastator" {shatter}
     1 | D        | Found the +11 plutonium sword {*Contam Stlth-}
     1 | D        | Found the +8 lance "Wyrmbane" {slay drac, rPois rF+ rC+
                  | AC+3}
     1 | D        | Found the +9 sword of Zonguldrok {reap}
     1 | D        | Found the cursed +13 scythe of Curses {drain, *Curse}
     1 | D        | Found the +0 sword of Power
     1 | D        | Found the +7 mace of Variability {chain chaos}
     1 | D        | Found the +7 Singing Sword {vorpal, sonic wave}
     1 | D        | Found the +8 storm bow {elec, penet}
     2 | D        | Found a transporter.
     2 | D        | Found an ancient bone altar of Kikubaaqudgha.
     2 | D        | Found a viscous altar of Jiyva.
     2 | D        | Found a corrupted altar of Lugonu.
     2 | D        | Found a hazy altar of Hepliaklqana.
     2 | D        | Found a burning altar of Makhleb.
     2 | D        | Found an opulent altar of Gozag.
    61 | D        | Became a worshipper of Gozag Ym Sagoz the Greedy
    68 | D        | Reached skill level 8 in Unarmed Combat
    68 | D        | Reached XP level 2. HP: 18/18 MP: 5/5
    73 | D        | Entered arena 2.
    73 | D        | Noticed a wight
    73 | D        | Found a transporter.
    78 | D        | Killed a wight
    79 | D        | Reached XP level 3. HP: 20/23 MP: 6/6
    87 | D        | Entered arena 3.
    87 | D        | Found a transporter.
    91 | D        | Reached XP level 4. HP: 23/28 MP: 7/7
   109 | D        | Entered arena 4.
   109 | D        | Noticed a deep elf mage
   109 | D        | Noticed an earth elemental
   109 | D        | Noticed a deep elf mage
   109 | D        | Noticed a deep elf knight
   109 | D        | Found a transporter.
   115 | D        | Killed a deep elf knight
   116 | D        | Reached skill level 9 in Unarmed Combat
   116 | D        | Reached XP level 5. HP: 22/38 MP: 8/8
   116 | D        | Reached XP level 6. HP: 26/44 MP: 9/9
   116 | D        | Reached XP level 7. HP: 29/49 MP: 10/10
   117 | D        | Killed a deep elf mage
   118 | D        | Reached skill level 10 in Unarmed Combat
   118 | D        | Reached XP level 8. HP: 34/57 MP: 11/11
   119 | D        | Killed a deep elf mage
   436 | D        | Entered arena 5.
   436 | D        | Noticed Sigmund
   436 | D        | Noticed Jessica
   436 | D        | Noticed Blork the orc
   436 | D        | Noticed Edmund
   436 | D        | Found a transporter.
   443 | D        | Killed Edmund
   444 | D        | Reached skill level 11 in Unarmed Combat
   445 | D        | Killed Blork the orc
   446 | D        | Reached XP level 9. HP: 43/66 MP: 12/12
   447 | D        | Killed Jessica
   454 | D        | Killed Sigmund
   615 | D        | Entered arena 6.
   615 | D        | Noticed a draconian
   615 | D        | Noticed a draconian
   615 | D        | Noticed a draconian
   615 | D        | Noticed a draconian
   615 | D        | Noticed a draconian
   615 | D        | Found a transporter.
   622 | D        | Killed a draconian
   625 | D        | Killed a draconian
   626 | D        | Reached skill level 12 in Unarmed Combat
   629 | D        | Killed a draconian
   630 | D        | Reached skill level 10 in Fighting
   630 | D        | Reached skill level 10 in Dodging
   631 | D        | Killed a draconian
   632 | D        | Reached skill level 13 in Unarmed Combat
   634 | D        | Killed a draconian
   635 | D        | Reached XP level 10. HP: 20/76 MP: 13/13
   924 | D        | Learned a level 5 spell: Summon Forest
   930 | D        | Learned a level 5 spell: Blade Hands
   931 | D        | Entered arena 7.
   932 | D        | Found a transporter.
   935 | D        | Reached skill level 14 in Unarmed Combat
   937 | D        | Reached skill level 1 in Summonings
   937 | D        | Reached skill level 1 in Translocations
  1149 | D        | Entered arena 8.
  1150 | D        | Found a transporter.
  1357 | D        | Entered arena 9.
  1357 | D        | Noticed a deep elf archer
  1357 | D        | Noticed a vault sentinel
  1357 | D        | Noticed a vault guard
  1357 | D        | Noticed a vault guard
  1357 | D        | Noticed a yaktaur captain
  1358 | D        | Found a transporter.
  1360 | D        | Killed a vault sentinel
  1364 | D        | Killed a yaktaur captain
  1365 | D        | Reached skill level 5 in Spellcasting
  1365 | D        | Reached skill level 5 in Summonings
  1365 | D        | Reached skill level 5 in Translocations
  1367 | D        | Killed a vault guard
  1367 | D        | Slain by a yaktaur

Illustrated notes

Levels and vault maps discovered:
D:        sprint_v [room_start, room_1, room_2, room_3, room_4, room_5, room_6,
          room_7, room_8, room_9, room_10, room_11, room_12, room_13, room_14,
          room_15, room_16, room_17, room_18, room_19, room_20, room_21,
          room_22, room_23, room_24, room_25, room_26, room_27]

Skill      XL: |  1  2  3  4  5  6  7  8  9 10 |
---------------+-------------------------------+-----
Unarmed Combat | 8 9 10 11 13 14 | 14.7
Transmutations | 4 6 12 | 12.2
Fighting       | 4 6 8 10 | 10.0
Dodging        | 4 6 8 10 | 10.0
Summonings     | 5 |  5.3
Translocations | 5 |  5.3
Spellcasting   | 5 |  5.4

Action                   |  1- 3 |  4- 6 |  7- 9 | 10-12 || total
-------------------------+-------+-------+-------+-------++-------
Melee: Unarmed           |     5 |     5 |    39 |    24 ||    73
       Tentacles         |     1 |     2 |    17 |     7 ||    27
       Punch             |       |     2 |     9 |     3 ||    14
       Constrict         |       |     1 |     9 |     3 ||    13
 Cast: Blade Hands       |       |       |       |     3 ||     3
Invok: Potion Petition   |       |       |     2 |     1 ||     3
       Call Merchant     |       |       |       |     1 ||     1
  Use: Potion            |     5 |       |     1 |     2 ||     8
       Scroll            |       |       |       |     1 ||     1
 Stab: Sleeping          |     1 |     1 |       |       ||     2
       Invisible         |     1 |       |     6 |       ||     7
Dodge: Dodged            |     1 |       |    19 |    30 ||    50
Block: Other             |       |       |     7 |     9 ||    16

Table legend: (Time is in decaauts)
 A = Elapsed time spent in this place.
 B = Non-inter-level travel time spent in this place.
 C = Inter-level travel time spent in this place.
 D = Time resting spent in this place.
 E = Time spent auto-exploring this place.
 F = Levels seen in this place.
 G = Mean time per level.
                   A        B        C        D        E       F      G
               +--------+--------+--------+--------+--------+-----+--------+
         Total |   1317 |   1317 |      0 |   1063 |     21 |   1 | 1317.0 |
       Dungeon |   1317 |   1317 |      0 |   1063 |     21 |   1 | 1317.0 |
               +--------+--------+--------+--------+--------+-----+--------+

Top non-repeatable levels by time:
       D: 1317 daAuts
